cohdb
Replays
Latest Replays
All Replays
Popular Replays
Top Player Replays
Match Explorer
How It Works
Community
CoH3 Stats
Reddit
Sign in to upload your games and track your stats! →
Sign in with Steam
Match 42856931
Unlisted
Match 42856931
Overview
Messages
Build Orders
End
Construct Barracks
Selects Heavy Weapons
Riflemen Squad
Riflemen Squad
M1 Mortar Team
Riflemen Squad
Construct Medical Station
Selects M2HB .50cal Heavy Machine Gun
Selects Assault Carriers
Air Support Center
Construct Weapon Support Center
Construct Weapon Support Center
Construct Motor Pool
Riflemen Squad
Grenade Package
M24 Chaffee Light Tank
Selects Exchangeable Parts
M3 Assault Carrier
P-47 Dive Bomb
P-47 Strafing Run
Grasshopper Recon Run
M1918 Browning Automatic Rifles
Engineer Squad
Grasshopper Recon Run
Construct Tank Depot
P-47 Dive Bomb
M4A1 Sherman Medium Tank
.30 cal Machine Gun
P-47 Strafing Run
M18 Hellcat Tank Destroyer
Selects M26 Pershing Heavy Tank
M1 Anti-tank Gun Team
M18 Hellcat Tank Destroyer
M18 Hellcat Tank Destroyer
Grasshopper Recon Run
M18 Hellcat Tank Destroyer
.30 cal Machine Gun
Abeli
Broche
[TW]windowmausS03
lintinsu
0
0
Comments
sign in to comment!
No comments posted yet!